Map: Pilares de oro EJ

Players

Leavage

  • Race: Terran Terran
  • League: Platinum
  • Spawn Location: 1:00

QuBuS - Winner!

  • Race: Terran Terran
  • League: Gold
  • Spawn Location: 7:00

VOD

Have the link to the VOD?

Description

Time

  • Played on: Aug. 8, 2020, 4:12 p.m.
  • Length: 18:21
Show
View Real Time Build Order
Export as new Build Order

Leavage Terran 

Build Orders: Reaper Expand 

Get SALT Encoding   

  12  0:01  SCV  
  13  0:13  SCV  
  14  0:18  Supply Depot  
  14  0:25  SCV  
  15  0:41  SCV  
  16  0:42  Barracks  
  16  0:48  Refinery  
  16  0:53  SCV  
  17  1:05  SCV  
  18  1:18  SCV  
  19  1:30  Orbital Command  
  19  1:32  Reaper  
  20  1:53  Command Center  
  20  1:59  SCV  
  21  2:06  Supply Depot  
  21  2:21  SCV  
  21  2:22  Marine  
  22  2:33  SCV  
  22  2:38  Factory  
  22  2:45  SCV  
  22  2:48  Barracks Reactor  
  23  2:53  Refinery  
  23  2:57  SCV  
  24  3:06  SCV  
  25  3:26  Starport  
  25  3:31  SCV  
  25  3:33  Factory Tech Lab  
  25  3:34  Orbital Command  
  26  3:43  SCV, Bunker  
  26  3:44  Marine x2  
  29  3:55  SCV  
  29  4:02  Marine x2  
  32  4:04  Supply Depot  
  32  4:06  SCV  
  32  4:08  SCV  
  33  4:18  SCV  
  33  4:19  Marine, Cyclone  
  33  4:20  Marine, SCV  
  40  4:27  Starport Tech Lab  
  40  4:30  SCV  
  41  4:32  SCV  
  41  4:37  Marine x2  
  44  4:42  SCV  
  44  4:43  Supply Depot  
  44  4:44  SCV  
  46  4:54  SCV  
  46  4:58  Raven  
  46  4:59  Siege Tank  
  52  5:00  SCV  
  52  5:05  Supply Depot  
  53  5:07  Supply Depot, SCV  
  53  5:12  SCV  
  55  5:19  SCV  
  55  5:21  Refinery x2  
  56  5:24  SCV  
  56  5:26  Marine x2  
  56  5:27  Command Center  
  59  5:35  Barracks  
  59  5:38  Barracks, SCV x2  
  59  5:41  Siege Tank  
  64  5:44  Marine x2  
  66  5:50  SCV  
  66  5:56  SCV  
  68  6:01  Marine  
  68  6:02  Marine, Starport Reactor  
  68  6:03  SCV  
  71  6:08  SCV  
  72  6:13  Supply Depot, Siege Tank  
  72  6:14  Supply Depot  
  72  6:15  SCV  
  76  6:19  Marine x2  
  78  6:35  SCV x2  
  78  6:37  Supply Depot  
  78  6:39  Marine x2  
  82  6:42  Viking x2  
  82  6:45  Siege Tank  
  82  6:46  Orbital Command  
  89  6:47  SCV x2  
  91  6:55  Barracks Reactor  
  91  6:59  SCV  
  91  7:00  Supply Depot  
  92  7:06  Orbital Command, Engineering Bay  
  92  7:08  SCV  
  93  7:09  Armory  
  93  7:11  SCV  
  93  7:13  Engineering Bay  
  94  7:19  Medivac  
  94  7:20  Medivac  
  98  7:25  SCV  
  98  7:26  SCV  
  100  7:34  Marine x5  
  105  7:37  Stimpack  
  105  7:39  SCV  
  106  7:51  Marine  
  106  7:55  SCV x3  
  106  7:58  Marine x3  
  110  7:59  Marine  
  114  8:07  SCV  
  114  8:09  Marine  
  114  8:10  SCV x2  
  114  8:12  Terran Infantry Armor Level 1, Terran Infantry Weapons Level 1  
  118  8:13  Viking x2  
  118  8:15  Terran Vehicle Weapons Level 1  
  118  8:16  Siege Tank  
  125  8:23  Supply Depot  
  125  8:28  Supply Depot  
  125  8:35  SCV  
  121  8:45  Marine x5  
  121  8:47  Viking x2  
  121  8:48  Siege Tank  
  131  9:03  Marine x3  
  131  9:04  Marine x2  
  130  9:20  Marine  
  130  9:21  Marine x2  
  130  9:22  Marine x2  
  114  9:38  Marine  
  114  9:39  Marine x3  
  114  9:40  Marine  
  114  9:44  Siege Tank  
  114  9:45  Viking x2  
  124  9:56  Marine x2  
  91  10:09  Marine  
  91  10:10  Marine  
  91  10:17  Widow Mine  
  93  10:24  SCV x2  
  95  10:28  Marine, SCV  
  95  10:29  Marine x4, Terran Infantry Weapons Level 2  
  95  10:30  Terran Infantry Armor Level 2  
  95  10:32  Viking x2  
  95  10:33  Terran Vehicle Weapons Level 2  
  105  10:38  Siege Tank  
  105  10:39  Barracks  
  105  10:40  SCV  
  105  10:41  SCV x2  
  105  10:42  Barracks  
  111  10:43  Command Center  
  111  10:46  Marine x2  
  113  10:52  SCV  
  113  10:53  SCV  
  113  10:56  SCV  
  116  10:57  Marine x2  
  116  10:58  Marine  
  119  11:05  SCV x2  
  121  11:14  Medivac, Siege Tank  
  121  11:15  Medivac  
  121  11:16  SCV  
  121  11:17  SCV  
  130  11:19  Refinery x2  
  130  11:20  SCV  
  131  11:27  Marine  
  131  11:28  Marine x4  
  131  11:29  Barracks Reactor  
  131  11:31  Barracks Reactor  
  136  11:43  Combat Shield  
  136  11:44  Medivac x2  
  136  11:45  SCV  
  141  11:54  Marine x2  
  141  11:55  SCV x2, Siege Tank  
  141  11:59  Planetary Fortress  
  148  12:01  SCV  
  148  12:03  Marine x2  
  148  12:04  Marine  
  148  12:08  Marine x4  
  155  12:12  Marine, SCV  
  156  12:30  Supply Depot, Marine x4  
  156  12:31  Medivac, Marine, SCV x2, Viking, Siege Tank  
  170  12:42  SCV x2  
  170  12:43  Refinery  
  172  12:46  Refinery  
  172  12:55  Marine  
  172  12:56  Marine x7  
  172  12:57  Terran Infantry Weapons Level 3  
  180  13:06  Supply Depot  
  180  13:08  Supply Depot  
  180  13:10  Supply Depot  
  174  13:44  Marine x9  
  140  13:53  SCV x2  
  119  13:56  Siege Tank  
  119  13:58  Medivac x2  
  119  13:59  Terran Vehicle Weapons Level 3  
  119  14:00  SCV  
  119  14:02  Marine x9  
  136  14:18  Terran Infantry Armor Level 3  
  136  14:19  Marine  
  136  14:20  Marine x4  
  141  14:28  Command Center  
  141  14:29  Siege Tank  
  144  14:34  Factory  
  144  14:35  Viking x2  
  144  14:38  Marine x5  
  148  14:39  Marine x4  
  148  14:43  Factory  
  157  14:56  Marine x5  
  158  15:01  Siege Tank  
  160  15:13  Viking x2  
  144  15:53  Marine x2  
  144  15:54  Factory Tech Lab x2  
  141  15:59  Marine  
  141  16:00  Marine  
  141  16:02  Factory Tech Lab  
  143  16:06  Marine x2  
  143  16:07  Marine x2  
  143  16:11  Marine x2  
  145  16:48  Planetary Fortress  
  145  17:10  Refinery  
  145  17:12  Barracks Reactor  
  145  17:13  Barracks Reactor x2  
  145  17:15  Refinery  
  145  17:24  Supply Depot  
  145  17:44  Command Center  
  145  17:47  Supply Depot  
  145  17:48  Supply Depot  
  145  17:50  Supply Depot  
  145  17:53  Supply Depot  
  145  17:55  Supply Depot  
  142  18:09  SCV  
Show
View Real Time Build Order
Export as new Build Order

QuBuS Terran - Winner!

Build Orders:  

Get SALT Encoding   

  12  0:00  SCV  
  13  0:12  SCV  
  14  0:18  Supply Depot  
  14  0:25  SCV  
  15  0:40  SCV  
  15  0:41  Barracks  
  16  0:48  Refinery  
  16  0:52  SCV  
  17  1:04  SCV  
  18  1:16  SCV  
  20  1:34  Orbital Command  
  20  1:35  Reaper  
  20  1:58  Command Center  
  20  2:14  SCV  
  21  2:20  Supply Depot  
  21  2:25  Marine  
  22  2:30  Factory  
  22  2:31  SCV  
  23  2:45  Barracks  
  23  2:51  SCV  
  24  2:55  Refinery  
  24  3:03  SCV  
  24  3:04  Marine  
  26  3:26  Factory Tech Lab  
  25  3:27  Orbital Command  
  25  3:30  SCV  
  26  3:40  Marine x2  
  28  3:42  SCV  
  28  3:44  Orbital Command  
  28  3:45  Barracks  
  28  3:47  Supply Depot  
  29  3:50  Engineering Bay  
  29  3:54  SCV  
  30  3:58  Marine, Siege Tank  
  30  4:00  Barracks Tech Lab, Refinery  
  34  4:06  SCV  
  35  4:16  Starport  
  35  4:19  Missile Turret  
  35  4:22  SCV  
  36  4:26  SCV  
  36  4:30  Stimpack  
  37  4:31  Missile Turret  
  37  4:34  Barracks Reactor  
  37  4:38  SCV x2  
  39  4:45  Marine x2  
  40  4:48  Terran Infantry Weapons Level 1  
  40  4:50  SCV  
  42  4:57  Starport Reactor  
  42  5:03  Marine x2, SCV x2  
  46  5:11  Marine x2  
  48  5:15  SCV, Siege Tank  
  48  5:19  Supply Depot  
  48  5:20  Supply Depot  
  48  5:21  Marine, Engineering Bay  
  53  5:28  Refinery  
  53  5:32  SCV  
  54  5:41  Supply Depot, SCV  
  54  5:42  Armory  
  55  5:45  Supply Depot  
  55  5:46  SCV  
  56  5:50  Marine x3  
  56  5:52  Terran Infantry Armor Level 1  
  56  5:53  SCV  
  60  6:02  Medivac  
  62  6:08  SCV x2  
  64  6:16  Barracks Reactor  
  64  6:20  SCV x2  
  64  6:23  Marine x2  
  64  6:24  Combat Shield, Marine  
  69  6:32  SCV x2  
  71  6:41  Marine  
  72  6:56  Marine x4  
  72  6:57  Barracks x2, Command Center, Siege Tank  
  72  6:59  Marine, SCV x2  
  72  7:01  Barracks, Terran Infantry Weapons Level 2  
  82  7:06  Medivac x2  
  86  7:25  Supply Depot  
  86  7:31  Barracks  
  86  7:33  Barracks  
  86  7:34  Barracks  
  86  7:47  Marine, Siege Tank  
  86  7:48  Supply Depot  
  90  7:54  Missile Turret  
  90  7:58  Barracks Reactor x2  
  90  7:59  Missile Turret, Barracks Reactor  
  90  8:08  Viking  
  90  8:10  Supply Depot  
  90  8:12  Factory  
  92  8:15  Missile Turret  
  92  8:19  Siege Tank  
  95  8:23  Barracks Reactor x2  
  95  8:25  Barracks Reactor  
  95  8:39  Refinery  
  95  8:41  Planetary Fortress  
  89  8:42  Refinery  
  87  8:51  Marine, Siege Tank  
  87  8:52  Marine x7  
  98  8:56  Marine x2  
  98  8:57  Marine  
  101  9:09  Marine x2  
  102  9:10  Marine  
  90  9:23  Marine x3  
  90  9:24  Marine x11  
  90  9:27  Marine  
  90  9:28  Marine x2  
  97  9:40  Factory Tech Lab  
  97  9:42  Siege Tank  
  91  10:13  SCV x3  
  94  10:15  Siege Tank  
  94  10:19  Marine x2  
  94  10:20  Marine x14  
  113  10:25  SCV x3  
  116  10:29  Terran Infantry Armor Level 2  
  116  10:44  SCV x3  
  119  10:50  Medivac x2  
  119  10:56  SCV x2  
  125  11:00  Terran Infantry Weapons Level 3  
  125  11:07  Supply Depot  
  125  11:09  Supply Depot x2  
  125  11:28  Medivac x2  
  125  11:29  SCV x3  
  125  11:30  Supply Depot  
  125  11:31  Supply Depot  
  125  11:32  Command Center  
  132  11:34  Supply Depot  
  132  11:36  Supply Depot  
  132  11:38  Siege Tank  
  135  11:40  Siege Tank  
  137  11:57  Sensor Tower  
  137  12:06  SCV x3  
  137  12:07  Marine x4  
  137  12:08  Marine x2  
  146  12:15  Missile Turret  
  146  12:18  SCV  
  146  12:22  Marine x4, Siege Tank x2  
  154  12:23  Marine x2  
  154  12:25  Viking  
  161  12:32  SCV  
  161  12:33  SCV x2  
  164  12:41  Marine x2  
  164  12:42  Marine x2  
  168  12:44  Missile Turret, SCV  
  168  12:45  SCV x2  
  168  12:50  Terran Infantry Armor Level 3  
  171  12:59  Supply Depot  
  171  13:00  Supply Depot  
  171  13:05  Planetary Fortress  
  171  13:33  Siege Tank x2  
  141  13:56  Marine x14  
  141  13:57  Marine x3  
  141  14:00  SCV  
  141  14:01  SCV x3  
  162  14:04  Medivac x2  
  162  14:05  Siege Tank  
  162  14:06  Siege Tank  
  172  14:13  Marine, Starport  
  172  14:14  Marine x2, Starport  
  175  14:24  Marine x11  
  176  14:25  Marine x3  
  176  14:27  Neosteel Armor  
  189  14:31  Marine  
  189  14:32  Marine x2  
  189  14:36  Refinery  
  189  14:37  Refinery  
  192  14:41  Marine  
  193  14:51  Command Center  
  193  15:04  Marine x6  
  193  15:05  Marine  
  199  15:27  Marine  
  200  15:41  Starport Reactor  
  200  15:42  Starport Reactor  
  194  16:09  Planetary Fortress  
  194  16:17  Command Center  
  185  16:36  Hi-Sec Auto Tracking  
  182  16:47  Viking x6  
  182  16:50  SCV x4  
  198  17:02  SCV x2  
  200  17:14  Sensor Tower  
  200  17:30  Missile Turret  
Tags
 
Add a new tag
Caveats
  • Supply blocks, unpowered buildings, or Contaminate may cause inaccurate times.
  • Supply counts are checked every 10 seconds.